 Dungeon Crawl Stone Soup version 0.21-a0-396-ga924934 (webtiles) character file.

262387 dranichekk the Sorcerer (level 19, -4/150 HPs)
             Began as a Barachi Summoner on Oct 15, 2017.
             Was the Champion of Ashenzari.
             Slain by an azure jelly (20 damage)
             ... created by the Royal Jelly
             ... while paralysed by a floating eye
             ... on level 5 of the Pits of Slime on Oct 19, 2017.
             The game lasted 07:05:01 (62295 turns).

dranichekk the Sorcerer (Barachi Summoner)         Turns: 62295, Time: 07:05:02

Health: -4/150     AC: 23    Str: 10    XL:     19   Next: 99%
Magic:  11/59      EV:  2    Int: 23    God:    Ashenzari [******]
Gold:   3539       SH:  0    Dex: 13    Spells: 8/61 levels left

rFire    x . .     SeeInvis +   X - staff of power (curse)
rCold    + . .     Gourm    +   n - +1 buckler "Zozilaku" {MR+ Regen+} (curse)
rNeg     + . .     Faith    .   d - +5 robe of Night {Dark MR+ SInv} (curse)
rPois    +         Spirit   .   E - +2 helmet
rElec    +         Reflect  .   g - +1 cloak
rCorr    +         Harm     .   I - +1 pair of gloves of Naetor {rC+ rCorr} (curse)
MR       +++++     Clarity  +   W - +2 pair of boots {Stlth+} (curse)
Stlth    ++++++....             b - amulet "Megangong" {Gourm rElec MR+ Stlth+} (curse)
HPRegen  0.75/turn              L - ring "Ecugut" {rElec rPois rF- rN+ Dex+2}
MPRegen  0.36/turn              M - ring of protection from magic (curse)

@: paralysed, icy armour, corroded, very slow
A: +LOS, swims, clumsy 1, magic resistance 1, slowness 1, strong legs 2
}: 2/15 runes: decaying, serpentine
a: Hop, Curse Item, Scrying, Transfer Knowledge, Renounce Religion


You were on level 5 of the Pits of Slime.
You worshipped Ashenzari.
Ashenzari was exalted by your worship.
You were not hungry.

You visited 8 branches of the dungeon, and saw 40 of its levels.
You also visited: Labyrinth, Bailey and Desolation.

You collected 4850 gold pieces.
You spent 1311 gold pieces at shops.

Inventory:

Armour
 d - the cursed +5 robe of Night (worn) {Dark MR+ SInv}
   (You found it in a labyrinth)

   It affects your resistance to hostile enchantments.
   It lets you see invisible.
   It has a curse placed upon it.
 g - a +1 cloak (worn)
 m - the cursed +1 robe "Faox" {rC+ rN+}
   (You found it in the Desolation of Salt)

   It protects you from cold.
   It protects you from negative energy.
   It has a curse placed upon it.
 n - the cursed +1 buckler "Zozilaku" (worn) {MR+ Regen+}
   (You found it on level 5 of the Lair of Beasts)

   It affects your resistance to hostile enchantments.
   It increases your rate of regeneration.
   It has a curse placed upon it.
 E - a +2 helmet (worn)
 I - the cursed +1 pair of gloves of Naetor (worn) {rC+ rCorr}
   (You found it in the Desolation of Salt)

   It protects you from cold.
   It protects you from acid and corrosion.
   It has a curse placed upon it.
 W - a cursed +2 pair of boots of stealth (worn)
Magical Staves
 X - a cursed staff of power (weapon)
Jewellery
 b - the cursed amulet "Megangong" (around neck) {Gourm rElec MR+ Stlth+}
   (You found it in a labyrinth)

   [amulet of the gourmand]

   It allows you to eat raw meat even when not hungry.
   It insulates you from electricity.
   It affects your resistance to hostile enchantments.
   It makes you more stealthy.
   It has a curse placed upon it.
 L - the ring "Ecugut" (left hand) {rElec rPois rF- rN+ Dex+2}
   (You took it off a servant of whispers in the Desolation of Salt)

   [ring of poison resistance]

   It affects your dexterity (+2).
   It makes you vulnerable to fire.
   It insulates you from electricity.
   It protects you from poison.
   It protects you from negative energy.
 M - a cursed ring of protection from magic (right hand)
Wands
 t - a wand of lightning (0/15)
 Q - a wand of digging (12/24)
 T - a wand of acid (7/15)
Scrolls
 c - 2 scrolls of noise
 i - 5 scrolls of blinking
 o - 5 scrolls of immolation
 r - a scroll of vulnerability
 x - 17 scrolls of teleportation
 y - 7 scrolls of identify
 z - a scroll of summoning
 A - 4 scrolls of recharging
 B - 3 scrolls of magic mapping
 H - 2 scrolls of fear
 K - 3 scrolls of fog
 U - 6 scrolls of remove curse
 Y - 3 scrolls of acquirement
Potions
 a - a potion of ambrosia
 e - 5 potions of agility
 f - 4 potions of haste
 h - 7 potions of lignification
 j - 6 potions of might
 l - 6 potions of heal wounds
 s - 22 potions of curing
 u - 4 potions of berserk rage
 v - 2 potions of invisibility
 C - 2 potions of cancellation
 D - a potion of brilliance
 J - a potion of magic
 R - a potion of resistance
 V - 2 potions of flight
Books
 p - a Young Poisoner's Handbook

   Spells                             Type                      Level
   a - Sting                          Conjuration/Poison           1
   b - Poisonous Vapours              Poison/Air                   2
   c - Mephitic Cloud                 Conjuration/Poison/Air       3
   d - Olgreb's Toxic Radiance        Poison                       4
   e - Venom Bolt                     Conjuration/Poison           5
 q - a book of Transfigurations

   Spells                             Type                      Level
   a - Irradiate                      Conjuration/Transmutation    5
   b - Statue Form                    Transmutation/Earth          6
   c - Hydra Form                     Transmutation                6
   d - Dragon Form                    Transmutation                7
Comestibles
 k - 12 royal jellies
 w - 17 meat rations
 F - 6 bread rations


   Skills:
 + Level 13.6 Fighting
   Level 3.0 Polearms
 - Level 2.2 Armour
 + Level 9.0(11.9) Dodging
 + Level 7.0(10.1) Stealth
 - Level 4.0(6.8) Shields
 - Level 21.6(25.0) Spellcasting
 + Level 9.3(12.2) Hexes
 - Level 1.8(4.0) Charms
 + Level 18.0(20.3) Summonings
 - Level 8.0(11.0) Translocations
 - Level 7.5(10.5) Ice Magic
 - Level 6.2(9.3) Air Magic
 - Level 2.0(4.2) Evocations


You had 8 spell levels left.
You knew the following spells:

 Your Spells              Type           Power        Failure   Level  Hunger
a - Summon Hydra          Summ           #######...   1%          7    ####...
b - Swiftness             Chrm/Air       ######..     1%          2    None
c - Summon Demon          Summ           #######...   0%          5    None
d - Shadow Creatures      Summ           N/A          1%          6    None
e - Apportation           Tloc           ######       0%          1    None
f - Summon Lightning Spi  Summ/Air       #######.     1%          4    None
g - Confuse               Hex            ######..     1%          3    None
h - Summon Forest         Summ/Tloc      #######...   1%          5    None
i - Corona                Hex            ######.      0%          1    None
j - Shroud of Golubria    Chrm/Tloc      ######....   1%          2    None
k - Blink                 Tloc           N/A          1%          2    None
l - Passage of Golubria   Tloc           N/A          1%          4    None
m - Regeneration          Chrm/Necr      #####.....   1%          3    None
n - Ozocubu's Armour      Chrm/Ice       ######..     1%          3    None
o - Summon Mana Viper     Hex/Summ       #######.     1%          5    None


Dungeon Overview and Level Annotations

Branches:
Dungeon (15/15)            Temple (1/1) D:4            Lair (6/6) D:10
  Swamp (4/4) Lair:2        Snake (4/4) Lair:2        Slime (5/5) Lair:5
    Orc (2/2) D:10            Elf (3/3) Orc:2        Vaults (0/5) D:14
 Depths (0/5) D:15

Altars:
Ashenzari
Cheibriados
Dithmenos
Elyvilon
Gozag
Hepliaklqana
Nemelex Xobeh
Okawaru
Qazlal
Sif Muna
Trog
Vehumet
Wu Jian
Xom
The Shining One
Jiyva

Shops:
Orc:2 :*[(   Elf:1 *   Elf:3 *=::(

Annotations:
Slime:5 Royal Jelly
Abyss:1 Grinder, Psyche


Innate Abilities, Weirdness & Mutations

Shadows flee at your approach. (+LOS)
You can swim through water.
You cover ground slowly.
You can hop longer distances.
You are clumsy. (Dex -2)
You are resistant to hostile enchantments. (MR+)


Message History

Your azure jelly freezes the acid blob!!
Your azure jelly hits the acid blob!
Your azure jelly splashes around in the water.
The azure jelly hits your azure jelly!
The azure jelly freezes your azure jelly!
Your azure jelly resists.
The azure jelly hits your azure jelly.
The azure jelly freezes your azure jelly!
Your azure jelly resists.
The azure jelly barely misses your azure jelly.
The azure jelly hits your azure jelly!
Your azure jelly dies!
The azure jelly hits you!
* * * LOW HITPOINT WARNING * * *
The azure jelly freezes you! You resist.
* * * LOW HITPOINT WARNING * * *
The azure jelly hits you.
* * * LOW HITPOINT WARNING * * *
The azure jelly freezes you!! You resist.
You die...

.#................,
,,,,,,,,, ,,
......<............ , , ,
*,....................**
*** * .........♣..♣.......*
* * , ,............♣.....♣
∆ *,,**,*
,,...............♣.#**∆∆∆ {
, .................♣
∆∆∆##.,** ,
,.........♣.....J♣#∆∆∆=[##{
, ,,,,...........4@J♣♣
∆∆∆$##.,* ,,
,,,,,..........JGJ.# ∆!#|#G
* * ,,,,
.........≈≈3G♣#######. ** ,
,,, ......♣.≈≈≈JJG♣..{#._,
,, ,,, ,
,.....♣.≈≈JJ♣...#.G.J , *
,, , , .......≈≈.♣#♣##♣##.
* , ,, .......≈♣♣ *∆∆♣)#G *
,* ,, ,,, ........ ∆∆∆∆##.,
, ** , ,,,,......
**∆∆∆∆∆##{ , ,


You could see the Royal Jelly, an acid blob (unaware), 4 azure jellies, 2 great
orbs of eyes, a death ooze, a floating eye, a friendly soul eater, a friendly
death ooze and a friendly rust devil.

Vanquished Creatures
  Dissolution (Slime:2)
  An acid blob (Slime:2)
  A minotaur (Lab)
  A peacekeeper (Desolation)
  2 servants of whispers (Desolation)
  2 ogre magi
  3 dancing weapons (Elf:2)
  2 two-headed ogres (D:13)
  2 deep elf knights
  3 unseen horrors
  A wizard (D:14)
  2 ironbrand convokers (Desolation)
  An oklob plant (D:10)
  3 orc knights
  A wolf spider zombie (D:12)
  4 orc sorcerers
  3 ugly things
  2 manticores
  An orb spider (shapeshifter) (D:14)
  14 deep elf magi
  2 cyclopes (D:14)
  3 centaur zombies
  2 spiny frogs (Lair:6)
  5 centaur skeletons
  A komodo dragon (Lair:3)
  3 trolls
  A polar bear (D:15)
  A slime creature (D:15)
  2 hornets
  2 tyrant leeches (Lair:6)
  2 blink frogs (Lair:6)
  13 saltlings (Desolation)
  2 dream sheep
  A spriggan (shapeshifter) (D:14)
  2 vampires
  A redback (D:14)
  4 wraiths
  A human (D:9)
  A water elemental (Elf:1)
  3 basilisks
  A hog (D:9)
  A golden eye (Slime:4)
  21 yaks
  A fire elemental (D:15)
  4 vampire mosquitoes
  A steam dragon (Lair:2)
  A swamp worm (Swamp:2)
  An acid dragon (D:12)
  5 porcupines
  8 water moccasins
  A swamp drake (Bailey)
  2 sky beasts
  A hornet zombie (D:12)
  15 orc warriors
  A slave (D:5)
  8 ogres
  A black bear (D:9)
  3 ice beasts
  4 wolves
  6 centaurs
  A phantom (D:4)
  5 crocodiles
  4 big kobolds
  14 bullfrogs
  A wyvern skeleton (D:14)
  4 scorpions
  A killer bee (D:7)
  An electric eel (D:14)
  A howler monkey (D:12)
  5 crimson imps
  2 hounds
  2 gnoll shamans (D:7)
  A jelly (D:6)
  2 orc priests
  6 orc wizards
  A bullfrog skeleton (D:5)
  4 iguanas
  11 worker ants
  An ogre zombie (D:10)
  A worker ant zombie (D:10)
  6 gnolls
  3 adders
  7 shadow imps
  An ooze (D:2)
  2 worms
  3 dart slugs
  2 leopard geckos
  28 orcs
  2 giant cockroaches
  5 goblins
  2 hobgoblins
  7 jackals
  23 kobolds
  2 quokkas (D:7)
  3 frilled lizards
  2 goblin skeletons (D:10)
  A hobgoblin zombie (D:10)
  2 jackal zombies
  A leopard gecko skeleton (D:4)
  2 orc skeletons (D:10)
  2 orc zombies (D:10)
  A quokka skeleton (D:5)
  3 rats
366 creatures vanquished.

Vanquished Creatures (collateral kills)
  Mara (Swamp:3)
  Vashnia (Snake:4)
  Rupert (Lair:4)
  2 deep elf master archers (Elf:3)
  3 deep elf blademasters
  18 acid blobs
  Donald (Swamp:3)
  2 thorn hunters
  Kirke (Swamp:2)
  10 azure jellies
  9 nagarajas
  2 deep elf sorcerers (Elf:3)
  3 imperial myrmidons (Desolation)
  An orc warlord (Orc:2)
  The ghost of pepi55 the Peltast, a journeyman MiBe of Trog (Swamp:2)
  4 deep elf elementalists (Elf:3)
  6 deep elf demonologists (Elf:3)
  A halazid warlock (Desolation)
  6 deep elf annihilators (Elf:3)
  The ghost of kohrah the Fencer, a journeyman DsFi of Okawaru (Orc:2)
  2 crystal guardians (Desolation)
  The ghost of Rhoefr the Fighter, a journeyman OgHu of Dithmenos (D:11)
  4 deep elf death magi (Elf:3)
  6 death oozes
  7 deep elf high priests
  Josephine (Lair:4)
  9 great orbs of eyes
  A yaktaur captain (D:14)
  3 ragged hierophants (Desolation)
  8 peacekeepers (Desolation)
  11 servants of whispers (Desolation)
  26 hydras
  10 anacondas
  17 naga warriors
  A death knight (D:14)
  A ghost crab (Swamp:3)
  5 centaur warriors
  2 tengu warriors
  7 two-headed ogres
  7 alligators
  5 death yaks (Lair:3)
  29 dancing weapons
  3 orc high priests (Orc:2)
  Urug (D:11)
  2 shock serpents (Snake:4)
  Sonja (D:15)
  8 deep elf knights
  11 naga sharpshooters
  3 salamander mystics
  2 unseen horrors
  8 swamp dragons
  A spriggan druid (Swamp:4)
  A glowing orange brain (Slime:5)
  15 naga ritualists
  8 deep elf archers
  3 lindwurms (Swamp:4)
  2 shambling mangroves
  3 ironbrand convokers (Desolation)
  4 orc knights
  Pikel (D:4)
  54 deep elf magi
  18 mana vipers
  4 oklob plants
  8 shining eyes
  2 cyclopes
  5 orc sorcerers
  8 salamanders
  A manticore (D:14)
  14 ugly things
  3 guardian serpents
  44 black mambas
  A gargoyle (D:14)
  19 naga magi
  A centaur zombie (D:13)
  2 molten gargoyles (Desolation)
  24 spiny frogs
  2 eyes of devastation
  An efreet (D:14)
  3 yaktaurs (D:14)
  A rime drake (Lair:1)
  A komodo dragon (Lair:6)
  2 tengu conjurers (D:11)
  9 tyrant leeches
  3 trolls
  2 polar bears
  14 blink frogs
  Prince Ribbit (D:7)
  7 hornets
  46 saltlings (Desolation)
  A slime creature (shapeshifter) (D:15)
  6 hippogriffs
  5 bog bodies
  10 dream sheep
  86 slime creatures
  3 spriggans
  Sigmund (D:6)
  7 redbacks (Snake:4)
  3 air elementals
  A wyvern (Lair:5)
  Grum (D:8)
  52 yaks
  5 wraiths
  8 golden eyes
  2 water elementals (Elf:1)
  A fire elemental (Elf:3)
  5 hogs
  4 basilisks
  4 hungry ghosts
  24 vampire mosquitoes
  14 swamp worms
  2 wargs
  A soldier ant (D:15)
  A two-headed ogre zombie (D:10)
  3 acid dragons
  44 nagas
  11 water moccasins
  A floating eye (Slime:5)
  2 porcupines
  26 orc warriors
  2 black bears
  9 eyes of draining
  2 phantoms
  3 slaves
  9 swamp drakes
  2 sky beasts
  15 ogres
  10 wolves
  A necrophage (D:7)
  9 centaurs
  3 crocodiles
  Blork the orc (D:4)
  9 big kobolds
  13 bullfrogs
  4 earth elementals
  5 scorpions
  A troll zombie (D:10)
  7 killer bees
  A howler monkey (D:11)
  3 electric eels
  3 wights (D:9)
  6 crimson imps
  2 quasits
  A bullfrog zombie (D:11)
  7 hounds
  2 gnoll shamans (D:7)
  8 jellies
  13 orc priests
  23 orc wizards
  A bullfrog skeleton (D:10)
  3 iguanas
  Ijyb (D:4)
  A worker ant (D:10)
  A statue (D:9)
  A killer bee zombie (D:9)
  5 ogre zombies (D:10)
  A hound zombie (D:10)
  A hound skeleton (D:4)
  Robin (D:4)
  10 gnolls
  8 adders
  A howler monkey skeleton (D:4)
  2 shadow imps
  An ooze (Slime:2)
  2 worms
  A leopard gecko (D:10)
  76 orcs
  2 ball pythons
  5 giant cockroaches
  18 goblins
  9 hobgoblins
  15 jackals
  59 kobolds
  A quokka (D:9)
  4 bats
  A frilled lizard (D:3)
  A giant cockroach zombie (D:5)
  A goblin skeleton (D:10)
  A leopard gecko skeleton (D:6)
  2 orc skeletons (D:10)
  15 orc zombies (D:10)
  4 rats
  3 fungi
  4 plants
1384 creatures vanquished.

Vanquished Creatures (others)
  A hydra (Swamp:3)
  A deep elf knight (Elf:1)
  A hornet (Swamp:4)
  A slime creature (Slime:3)
  A naga (Snake:4)
  A swamp worm (Swamp:4)
  A warg (D:14)
  A sky beast (D:14)
  A big kobold (D:7)
  A bullfrog (D:6)
  A bullfrog skeleton (D:6)
  A worker ant zombie (D:7)
  A gnoll (D:8)
  A shadow imp (D:14)
  9 fungi
  52 plants
  37 snaplasher vines
112 creatures vanquished.

Grand Total: 1862 creatures vanquished

Notes
Turn   | Place    | Note
-------+----------+-------------------------------------------
     0 | D:1      | dranichekk the Barachi Summoner began the quest for the Orb.
     0 | D:1      | Reached XP level 1. HP: 13/13 MP: 3/3
   634 | D:1      | Reached skill level 5 in Summonings
   656 | D:1      | Reached XP level 2. HP: 17/19 MP: 2/5
  1095 | D:1      | Learned a level 2 spell: Call Imp
  1115 | D:1      | Reached skill level 3 in Spellcasting
  1875 | D:2      | Reached XP level 3. HP: 24/24 MP: 4/7
  1887 | D:2      | Learned a level 3 spell: Call Canine Familiar
  2151 | D:2      | Found a glowing golden altar of the Shining One.
  2697 | D:2      | Reached XP level 4. HP: 29/30 MP: 7/9
  2833 | D:3      | Found a sparkling altar of Nemelex Xobeh.
  2834 | D:3      | Found an opulent altar of Gozag.
  3063 | D:3      | Reached skill level 4 in Spellcasting
  3067 | D:3      | Noticed a big kobold
  3075 | D:3      | Noticed a big kobold
  3085 | D:3      | Killed a big kobold
  3085 | D:3      | Reached XP level 5. HP: 35/35 MP: 0/11
  3095 | D:3      | Killed a big kobold
  3107 | D:3      | Noticed a big kobold
  3120 | D:3      | Killed a big kobold
  3120 | D:3      | Reached skill level 5 in Spellcasting
  3126 | D:3      | Learned a level 4 spell: Summon Ice Beast
  3298 | D:3      | Noticed a big kobold
  3309 | D:3      | Killed a big kobold
  3309 | D:3      | Reached skill level 1 in Ice Magic
  3309 | D:3      | Reached XP level 6. HP: 33/41 MP: 8/13
  4472 | D:3      | Found a shadowy altar of Dithmenos.
  4473 | D:3      | Found a stormy altar of Qazlal.
  4675 | D:4      | Noticed Blork the orc
  4682 | D:4      | Killed Blork the orc
  4705 | D:4      | Reached XP level 7. HP: 37/46 MP: 7/15
  4763 | D:4      | Noticed Robin
  4768 | D:4      | Killed Robin
  4852 | D:4      | Noticed Ijyb
  4864 | D:4      | Killed Ijyb
  4929 | D:4      | Noticed Pikel
  5133 | D:4      | Found a staircase to the Ecumenical Temple.
  5143 | Temple   | Entered the Ecumenical Temple
  5173 | Temple   | Became a worshipper of Ashenzari the Shackled
  5308 | D:5      | Entered Level 5 of the Dungeon
  5326 | D:5      | Learned a level 1 spell: Apportation
  5568 | D:5      | Reached skill level 1 in Armour
  5603 | D:5      | Found a shimmering altar of Xom.
  5604 | D:5      | Found a hazy altar of Hepliaklqana.
  5605 | D:5      | Noticed a spectral ugly thing
  5658 | D:5      | Reached skill level 1 in Polearms
  5675 | D:5      | Reached skill level 5 in Ice Magic
  5892 | D:5      | Reached skill level 6 in Spellcasting
  5892 | D:5      | Reached XP level 8. HP: 19/52 MP: 9/17
  6649 | D:6      | Reached skill level 7 in Spellcasting
  6750 | D:6      | Reached skill level 1 in Fighting
  6828 | D:6      | Noticed Sigmund
  6834 | D:6      | Killed Sigmund
  7102 | D:6      | Reached * piety under Ashenzari
  7117 | D:6      | Found a deep blue altar of Sif Muna.
  7273 | D:4      | Noticed Grinder
  7288 | D:4      | Banished Grinder
  7406 | D:4      | Killed Pikel
  7406 | D:4      | Reached skill level 8 in Spellcasting
  7406 | D:4      | Reached XP level 9. HP: 61/61 MP: 7/21
  7912 | D:7      | Reached skill level 9 in Spellcasting
  7995 | D:7      | Noticed Prince Ribbit
  8006 | D:7      | Killed Prince Ribbit
  8052 | D:7      | Reached skill level 1 in Evocations
  8117 | D:7      | Found an ornate altar of the Wu Jian Council.
  8573 | D:7      | Found a white marble altar of Elyvilon.
  9225 | D:8      | Noticed Grum
  9233 | D:8      | Killed Grum
  9427 | D:8      | Reached XP level 10. HP: 71/71 MP: 19/23
  9532 | D:8      | Reached skill level 10 in Spellcasting
  9658 | D:8      | Noticed Psyche
  9666 | D:8      | Banished Psyche
 10153 | D:9      | Noticed a two-headed ogre
 10220 | D:9      | Noticed a six-headed hydra
 10497 | D:8      | Learned a level 4 spell: Summon Lightning Spire
 10510 | D:9      | Killed a two-headed ogre
 10525 | D:9      | Got the long sword of Profit {venom, rElec rPois rF+ SInv}
 10526 | D:9      | Identified the +1 long sword of Profit {venom, rElec rPois rF+ SInv} (You found it on level 9 of the Dungeon)
 10544 | D:9      | Gained mutation: Scrolls take you a little longer to read. [mutagenic glow]
 10620 | D:9      | Killed a six-headed hydra
 10678 | D:9      | Reached skill level 5 in Air Magic
 10765 | D:9      | Reached skill level 1 in Long Blades
 11074 | D:9      | Found a radiant altar of Vehumet.
 11210 | D:9      | Learned a level 3 spell: Confuse
 11231 | D:10     | Entered Level 10 of the Dungeon
 11411 | D:10     | Reached ** piety under Ashenzari
 11415 | D:10     | Reached skill level 1 in Hexes
 11427 | D:10     | Found a flagged portal.
 11453 | D:10     | Reached skill level 5 in Fighting
 11453 | D:10     | Reached skill level 11 in Spellcasting
 11477 | Bailey   | Entered a bailey
 11535 | Bailey   | Reached XP level 11. HP: 79/79 MP: 15/26
 11844 | Bailey   | Noticed an orc knight
 11873 | Bailey   | Noticed an orc knight
 12414 | D:10     | Found a staircase to the Lair.
 12417 | D:10     | Noticed an oklob plant
 12727 | D:10     | Killed an oklob plant
 12763 | D:10     | Found a staircase to the Orcish Mines.
 13038 | D:10     | Noticed a two-headed ogre
 13051 | D:10     | Killed a two-headed ogre
 13114 | D:10     | Lost mutation: Scrolls take you a little longer to read. [potion of mutation]
 13114 | D:10     | Gained mutation: You possess an exceptional clarity of mind. [potion of mutation]
 13114 | D:10     | Lost mutation: You possess an exceptional clarity of mind. [potion of mutation]
 13114 | D:10     | Gained mutation: You are resistant to hostile enchantments. (MR+) [potion of mutation]
 13655 | D:11     | Identified the +6 hunting sling "Bafim" {venom, *Drain +Blink +Inv Str-4}
 13816 | D:11     | Reached skill level 12 in Spellcasting
 14390 | D:11     | Found a shadowy altar of Dithmenos.
 14581 | D:11     | Noticed Rhoefr's ghost (journeyman OgHu)
 14614 | D:11     | Upgraded the game from 0.21-a0-368-g45f8505 to 0.21-a0-371-gd56c60c
 14637 | D:11     | Killed Rhoefr's ghost
 15587 | D:11     | Noticed Urug
 15590 | D:11     | Reached skill level 13 in Spellcasting
 15603 | D:11     | Killed Urug
 15916 | D:12     | Reached skill level 5 in Dodging
 16092 | D:12     | Reached XP level 12. HP: 67/88 MP: 29/29
 16153 | D:12     | Noticed a two-headed ogre
 16159 | D:12     | Killed a two-headed ogre
 16201 | D:12     | Noticed a two-headed ogre
 16209 | D:12     | Killed a two-headed ogre
 16354 | D:12     | Noticed a centaur warrior
 16745 | D:12     | Noticed a centaur warrior
 16754 | D:12     | Killed a centaur warrior
 16759 | D:12     | Killed a centaur warrior
 17461 | D:12     | Learned a level 5 spell: Summon Forest
 17463 | D:12     | Learned a level 1 spell: Corona
 17816 | D:12     | Reached *** piety under Ashenzari
 18025 | D:13     | Noticed a two-headed ogre
 18039 | D:13     | Killed a two-headed ogre
 18039 | D:13     | Reached skill level 14 in Spellcasting
 18045 | D:13     | Noticed a two-headed ogre
 18068 | D:13     | Killed a two-headed ogre
 18819 | D:13     | Noticed a two-headed ogre
 18829 | D:13     | Killed a two-headed ogre
 19594 | D:14     | Noticed a tengu warrior
 19594 | D:14     | Noticed a six-headed hydra
 19666 | Lair:1   | Entered Level 1 of the Lair of Beasts
 19723 | Lair:1   | Reached skill level 1 in Translocations
 20448 | Lair:1   | Reached skill level 15 in Spellcasting
 20983 | Lair:2   | Reached skill level 5 in Hexes
 20998 | Lair:2   | Found a stormy altar of Qazlal.
 21282 | Lair:2   | Reached **** piety under Ashenzari
 21314 | Lair:2   | HP: 4/88 [poisoned by a spiny frog]
 21321 | Lair:2   | HP: 4/88 [poisoned by a spiny frog]
 21329 | Lair:2   | HP: 4/88 [poisoned by a spiny frog]
 21731 | Lair:2   | Found a staircase to the Snake Pit.
 21766 | Lair:2   | Gained mutation: You can hop longer distances. [Barachi growth]
 21766 | Lair:2   | Reached XP level 13. HP: 54/93 MP: 19/32
 22147 | Lair:2   | Found a staircase to the Swamp.
 22787 | Lair:3   | Learned a level 2 spell: Shroud of Golubria
 22792 | Lair:3   | Found a labyrinth entrance.
 22809 | Lab      | Entered a labyrinth
 22956 | Lab      | Identified the amulet "Megangong" {Gourm rElec MR+ Stlth+}
 22956 | Lab      | Noticed a minotaur
 22979 | Lab      | Killed a minotaur
 23078 | Lab      | Identified the ring "Biali" {+Fly rC+}
 23078 | Lab      | Found the +5 robe of Night {Dark MR+ SInv}
 23078 | Lab      | Identified the ring "Anick" {rPois Str+4}
 23102 | Lab      | Learned a level 2 spell: Blink
 23107 | Lab      | Learned a level 4 spell: Passage of Golubria
 23985 | Lair:3   | Learned a level 3 spell: Regeneration
 24785 | Lair:4   | Noticed Josephine
 24815 | Lair:4   | Killed Josephine
 24941 | Lair:4   | Noticed Rupert
 24952 | Lair:4   | Killed Rupert
 25176 | Lair:4   | Reached ***** piety under Ashenzari
 26080 | Lair:5   | Got the uncursed buckler "Zozilaku" {MR+ Regen+}
 26086 | Lair:5   | Identified the +1 buckler "Zozilaku" {MR+ Regen+} (You found it on level 5 of the Lair of Beasts)
 26139 | Lair:5   | Reached skill level 1 in Shields
 26291 | Lair:5   | Found a staircase to the Slime Pits.
 26785 | Lair:6   | Entered Level 6 of the Lair of Beasts
 27388 | Lair:5   | Reached XP level 14. HP: 64/105 MP: 27/33
 27840 | Lair:6   | Reached skill level 16 in Spellcasting
 27848 | Lair:6   | Reached skill level 5 in Translocations
 27848 | Lair:6   | Reached XP level 15. HP: 112/112 MP: 28/35
 28667 | Lair:6   | Identified 2 scrolls of acquirement
 29100 | D:14     | Found a gate to the Vaults.
 30130 | D:14     | Found a runed door.
 30130 | D:14     | Found a runed door.
 30430 | D:14     | Found a runed door.
 30505 | D:14     | Reached skill level 5 in Long Blades
 31192 | D:14     | Identified the Incunabulum of Conjuration
 31217 | D:14     | Identified the +6 halberd "Wutoomu" {antimagic, +Inv rF+ rN+ Str+3} (You took it off a deep elf mage on level 14 of the Dungeon)
 31519 | D:15     | Entered Level 15 of the Dungeon
 31652 | D:15     | Reached skill level 17 in Spellcasting
 32073 | D:15     | Noticed Sonja
 32095 | D:15     | Killed Sonja
 32311 | D:15     | Found a bloodstained altar of Trog.
 32487 | D:15     | Reached skill level 10 in Fighting
 32539 | D:15     | Found a snail-covered altar of Cheibriados.
 32576 | D:15     | Reached skill level 10 in Summonings
 32732 | D:15     | Found a staircase to the Depths.
 33219 | Orc:1    | Entered Level 1 of the Orcish Mines
 33620 | Orc:1    | Reached ****** piety under Ashenzari
 33869 | Orc:2    | Entered Level 2 of the Orcish Mines
 33919 | Orc:2    | Found a staircase to the Elven Halls.
 34015 | Orc:2    | Reached XP level 16. HP: 101/122 MP: 37/37
 34292 | Orc:2    | Noticed kohrah's ghost (journeyman DsFi)
 34302 | Orc:2    | Killed kohrah's ghost
 35272 | Orc:2    | Found Viomott's Antique Armour Emporium.
 35274 | Orc:2    | Found Tuiqu's Antique Weapon Shoppe.
 35275 | Orc:2    | Found Ubluare's General Store.
 35275 | Orc:2    | Found Epuer's Book Emporium.
 35304 | Orc:2    | Bought a scroll of identify for 36 gold pieces
 35616 | Orc:2    | Bought a twisted leather armour for 217 gold pieces
 35616 | Orc:2    | Identified the +3 leather armour of the Eleven Places {rCorr} (You bought it in a shop on level 2 of the Orcish Mines)
 35625 | Orc:2    | Learned a level 7 spell: Summon Hydra
 35632 | Orc:2    | Bought an iridescent quarterstaff for 243 gold pieces
 35632 | Orc:2    | Identified the +3 quarterstaff "Otwu" {elec, Int+3} (You bought it in a shop on level 2 of the Orcish Mines)
 35632 | Orc:2    | Bought a translucent dagger for 189 gold pieces
 35632 | Orc:2    | Identified the +3 dagger "Hydraslayer" {flame, Int+2 Dex+4} (You bought it in a shop on level 2 of the Orcish Mines)
 35632 | Orc:2    | Bought a fine broad axe for 243 gold pieces
 35632 | Orc:2    | Identified the +3 broad axe "Reeshrycucw" {holy, rElec rPois rN+ Int-2} (You bought it in a shop on level 2 of the Orcish Mines)
 35687 | Elf:1    | Entered Level 1 of the Elven Halls
 35904 | Elf:1    | Found a ruined gateway.
 35912 | Desolati | Entered the Desolation of Salt
 36401 | Desolati | Reached skill level 18 in Spellcasting
 36496 | Desolati | Identified the cursed +1 robe "Faox" {rC+ rN+}
 36607 | Desolati | Identified the Disquisition on Poisonous Enhancements
 36612 | Desolati | Learned a level 2 spell: Swiftness
 37350 | Desolati | Identified the +1 pair of gloves of Naetor {rC+ rCorr}
 37566 | Desolati | Identified the +6 shortbow of Quantum Leap {velocity, Str+3} (You took it off an imperial myrmidon in the Desolation of Salt)
 37566 | Desolati | Identified the cursed +1 flail of the Distant Future {flame, rC+ Int+4} (You took it off an imperial myrmidon in the Desolation of Salt)
 37568 | Desolati | Identified the ring "Ecugut" {rElec rPois rF- rN+ Dex+2} (You took it off a servant of whispers in the Desolation of Salt)
 37774 | Desolati | Identified the Guide on the Lucky Arsonist
 37780 | Desolati | Learned a level 3 spell: Ozocubu's Armour
 38806 | Elf:1    | Learned a level 5 spell: Summon Mana Viper
 39171 | Elf:1    | Reached XP level 17. HP: 129/129 MP: 18/39
 39406 | Elf:1    | Found Gus Vanko's Assorted Antiques.
 39409 | Elf:1    | Bought a scroll labeled BOYTIT ZIDEC for 23 gold pieces
 39409 | Elf:1    | Bought a scroll labeled KAM ZISME for 23 gold pieces
 39409 | Elf:1    | Bought a scroll of identify for 46 gold pieces
 39409 | Elf:1    | Bought a scroll labeled FUMIORR YNTO for 23 gold pieces
 39409 | Elf:1    | Bought a potion of curing for 69 gold pieces
 39409 | Elf:1    | Bought a scroll labeled YKHIED QIUGELA for 23 gold pieces
 39553 | Elf:1    | Reached skill level 19 in Spellcasting
 40319 | Elf:2    | Found a runed gate.
 40319 | Elf:2    | Found a runed gate.
 40319 | Elf:2    | Found a runed gate.
 42125 | Lair:5   | Learned a level 5 spell: Summon Demon
 42132 | Lair:5   | Learned a level 6 spell: Shadow Creatures
 42443 | Elf:2    | Noticed a deep elf blademaster
 42453 | Elf:2    | Killed a deep elf blademaster
 43027 | Elf:3    | Entered Level 3 of the Elven Halls
 43038 | Elf:3    | Found Xaf Qinn's Jewellery Emporium.
 43075 | Elf:3    | Found Ruzor's Book Boutique.
 43136 | Elf:3    | Found Muukogr Bamm's Book Shop.
 43232 | Elf:3    | Found Jus Muph's Assorted Antiques.
 43272 | Elf:3    | Bought a scroll of identify for 88 gold pieces
 43272 | Elf:3    | Bought a scroll of identify for 88 gold pieces
 43347 | Elf:3    | Found Saiprott's Antique Weapon Shoppe.
 43385 | Elf:3    | Noticed a deep elf blademaster
 43405 | Elf:3    | Noticed an Ice Fiend
 43413 | Elf:3    | Killed a deep elf blademaster
 43816 | Elf:3    | Noticed a deep elf blademaster
 43820 | Elf:3    | Killed a deep elf blademaster
 44421 | Elf:3    | Noticed a deep elf master archer
 44429 | Elf:3    | Killed a deep elf master archer
 44438 | Elf:3    | Noticed an Executioner
 44677 | Elf:3    | Noticed a deep elf master archer
 44884 | Elf:3    | HP: 6/131 [deep elf master archer/arrow (25)]
 45099 | Elf:3    | Noticed a Brimstone Fiend
 45122 | Elf:3    | Killed a deep elf master archer
 45170 | Elf:3    | Upgraded the game from 0.21-a0-371-gd56c60c to 0.21-a0-372-gd0ff781
 45211 | Elf:3    | Reduced skill Long Blades to level 5
 45398 | Elf:3    | Reached skill level 20 in Spellcasting
 45409 | Elf:3    | Reached skill level 15 in Summonings
 45945 | Swamp:1  | Entered Level 1 of the Swamp
 46004 | Swamp:1  | Reduced skill Long Blades to level 1
 46279 | Swamp:1  | Reached XP level 18. HP: 64/138 MP: 41/42
 46828 | Swamp:2  | Noticed Kirke
 46833 | Swamp:2  | Killed Kirke
 47120 | Swamp:2  | Noticed pepi55's ghost (journeyman MiBe)
 47141 | Swamp:2  | Killed pepi55's ghost
 47870 | Swamp:3  | Noticed Donald
 47881 | Swamp:3  | Killed Donald
 47881 | Swamp:3  | Identified the +0 shield of Dunuakly {SInv} (You took it off Donald on level 3 of the Swamp)
 47990 | Swamp:3  | Upgraded the game from 0.21-a0-372-gd0ff781 to 0.21-a0-396-ga924934
 48298 | Swamp:3  | Noticed Mara
 48299 | Swamp:3  | Noticed dranichekk's illusion
 48336 | Swamp:3  | Killed Mara
 48941 | Swamp:4  | Entered Level 4 of the Swamp
 49584 | Swamp:4  | Got a decaying rune of Zot
 49636 | Swamp:4  | Reached skill level 5 in Stealth
 50431 | Snake:1  | Entered Level 1 of the Snake Pit
 51321 | Snake:2  | Found a white marble altar of Elyvilon.
 53453 | Snake:4  | Entered Level 4 of the Snake Pit
 54271 | Snake:4  | Reached skill level 21 in Spellcasting
 54404 | Snake:4  | Noticed Vashnia
 54634 | Snake:4  | Killed Vashnia
 54634 | Snake:4  | Reached XP level 19. HP: 79/149 MP: 22/44
 55626 | Snake:4  | Got a serpentine rune of Zot
 56122 | Slime:1  | Entered Level 1 of the Pits of Slime
 58888 | Slime:2  | Noticed Dissolution
 58998 | Slime:2  | Paralysed by a floating eye for 4 turns
 59007 | Slime:2  | Paralysed by a floating eye for 2 turns
 59178 | Slime:2  | Reached skill level 1 in Charms
 59803 | Slime:2  | Gained mutation: You are clumsy. (Dex -2) [a shining eye]
 60010 | Slime:2  | Paralysed by a floating eye for 3 turns
 60022 | Slime:2  | Killed Dissolution
 61837 | Slime:5  | Entered Level 5 of the Pits of Slime
 62275 | Slime:5  | Found a viscous altar of Jiyva.
 62279 | Slime:5  | Noticed the Royal Jelly
 62292 | Slime:5  | Paralysed by a floating eye for 4 turns
 62295 | Slime:5  | Slain by an azure jelly

Vault maps used:
D:1:      dpeg_arrival_rooms_b, serial_forest, infiniplex_forest_straight_2,
          infiniplex_forest_clump_long, infiniplex_forest_fountain,
          infiniplex_forest_lined_corner, infiniplex_forest_lined_room_2,
          infiniplex_forest_straight_2, infiniplex_forest_clump_small,
          minmay_pentomino_w4
D:2:      minmay_wonky_spiral, nicolae_tso_swordbearing_angel
D:3:      minmay_goblin_kobold_castle, grunt_temple_overflow_opulence,
          gammafunk_temple_overflow_pools
D:4:      lemuel_temple_firewalk_a, first_bread, uniq_grinder,
          uniq_blork_the_orc, uniq_robin, uniq_pikel, uniq_ijyb
D:5:      regret_index_temple_of_mockery
D:6:      lemuel_blue_sif_altar, uniq_sigmund
D:7:      kennysheep_seaside_town, elyvilon_altar_5, kennysheep_mini,
          uniq_prince_ribbit1
D:8:      uniq_psyche, uniq_grum
D:9:      vehumet_statue, grunt_livestock
D:10:     dpeg_oklobed_lair, zombieorc2_lemuel, enter_bailey_3,
          interstate_on_off
D:11:     grunt_dithmenos_shadows, uniq_urug
D:12:     columned_hall_lemuel, spider_trap
D:13:     serial_bayou, serial_bayou_pond_e, serial_bayou_pond_c,
          serial_bayou_pond_d, serial_bayou_pond_e
D:14:     minmay_the_grid_triangle_9x9_rhombus_full, david_vaults_2,
          serial_bayou_ford_a, minivault_25
D:15:     hangedman_depths_entry_try_elsewhere_first, kennysheep_flooded_box,
          trog_ov_bears_minmay, uniq_sonja
Temple:   minmay_temple_curvy_loop
Lair:1:   grunt_megastairs_4
Lair:2:   minmay_swamp_entry_swarm, minmay_snake_entry_guardpost_small,
          lemuel_centaur_altar, serial_bayou_shore_b
Lair:3:   lab_entry_generic, serial_bayou_pond_e
Lair:4:   wad_woods_road_03, minivault_26, uniq_josephine, uniq_rupert
Lair:5:   minmay_slime_entry_oklob_enclosed, bh_autumn_forest_stairs,
          grunt_megastairs_3
Lair:6:   minmay_lair_end_frog_pond
Swamp:1:  serial_swamp_ruin, evilmike_swamp_ruin_house_4,
          evilmike_swamp_ruin_wall, swamp_pool3, ldierk_geyser
Swamp:2:  nicolae_swamp_very_dense_foliage, uniq_kirke
Swamp:3:  nicolae_swamp_dense_foliage, swamp_pool2, uniq_mara, uniq_donald
Swamp:4:  swamp_alternative
Snake:2:  basic_altar, corexii_hall_statues_x, st_stairs_11
Snake:4:  snake_pit, spider_trap, grunt_ministairs_1, serial_bayou_pond_a,
          st_stairs_9, uniq_vashnia
Slime:1:  special_room, cheibrodos_slime_lost_civilization_7
Slime:2:  dissolution_awaits
Orc:2:    st_orc_congregation, library_closet, mines4_lemuel
Elf:1:    eino_elf_arrival_sip, serial_shops, nicolae_shop_behind_doors,
          portal_desolation_entry_nicolae_slug, kennysheep_underground_church,
          minivault_28
Elf:2:    statue_in_the_mist_lemuel, grunt_ministairs_13
Elf:3:    minmay_elf_hall_not_hex, serial_shops, shop, shop,
          nicolae_shop_statue_plus, nicolae_shop_window_shopping, shop,
          grunt_ministairs_9
Lab:      nicolae_lab_starburst, nicolae_lab_flowing_pool,
          nicolae_lab_very_dead_end, labyrinth_skeletal_remains
Bailey:   bailey_polearm_5, bailey

Skill      XL: |  1  2  3  4  5  6  7  8  9 10 11 12 13 14 15 16 17 18 19 |
---------------+----------------------------------------------------------+-----
Summonings     | 5 6 7 8 10 13 15 16 18 | 18.0
Spellcasting   | 3 4 5 6 8 9 11 13 15 16 17 18 20 21 | 21.6
Ice Magic      | 1 3 5 6 7 |  7.5
Armour         | 1 2 |  2.2
Polearms       | 1 3 |  3.0
Fighting       | 2 4 5 6 8 10 11 13 | 13.6
Evocations     | 1 2 |  2.0
Dodging        | 4 5 6 7 8 9 |  9.0
Air Magic      | 5 6 |  6.2
Long Blades    | 1 3 6 6 0 |  0.0
Hexes          | 2 4 6 7 8 9 |  9.3
Stealth        | 2 3 5 7 |  7.0
Translocations | 3 4 5 6 8 |  8.0
Shields        | 4 |  4.0
Charms         | 1 |  1.8

Action                   |  1- 3 |  4- 6 |  7- 9 | 10-12 | 13-15 | 16-18 | 19-21 || total
-------------------------+-------+-------+-------+-------+-------+-------+-------++-------
Melee: Club              |   110 |   138 |    21 |       |       |       |       ||   269
       Dagger            |     4 |       |       |       |       |       |       ||     4
       Unarmed           |     1 |       |       |       |       |       |       ||     1
       Spear             |       |       |   273 |    50 |       |       |       ||   323
       Long sword        |       |       |       |   581 |   776 |   709 |       ||  2066
       Staff             |       |       |       |       |       |   171 |    32 ||   203
Throw: Stone             |    13 |    14 |    27 |    18 |       |       |       ||    72
       Tomahawk          |       |       |       |    30 |       |       |       ||    30
       Javelin           |       |       |       |    26 |       |       |       ||    26
       Throwing net      |       |       |       |     3 |       |       |       ||     3
 Cast: Summon Small Mamm |    40 |     5 |     1 |     2 |       |       |       ||    48
       Call Imp          |     9 |    26 |    24 |     8 |     1 |       |       ||    68
       Call Canine Famil |       |     7 |    23 |    23 |    36 |    43 |       ||   132
       Summon Ice Beast  |       |     1 |    40 |   118 |   181 |   161 |       ||   501
       Summon Lightning  |       |       |       |    65 |    47 |    19 |     1 ||   132
       Confuse           |       |       |       |    23 |    23 |    69 |       ||   115
       Corona            |       |       |       |     1 |       |       |       ||     1
       Summon Forest     |       |       |       |       |    14 |    70 |    16 ||   100
       Shroud of Golubri |       |       |       |       |    16 |    47 |    29 ||    92
       Passage of Golubr |       |       |       |       |     4 |     2 |       ||     6
       Summon Hydra      |       |       |       |       |       |    70 |     1 ||    71
       Summon Demon      |       |       |       |       |       |   122 |    66 ||   188
       Ozocubu's Armour  |       |       |       |       |       |    44 |    27 ||    71
       Shadow Creatures  |       |       |       |       |       |    98 |   171 ||   269
       Summon Mana Viper |       |       |       |       |       |    10 |     5 ||    15
       Apportation       |       |       |       |       |       |     2 |     1 ||     3
Invok: Curse Item        |       |       |     2 |     1 |     3 |     3 |       ||     9
       Scrying           |       |       |       |     1 |     4 |     2 |       ||     7
       Transfer Knowledg |       |       |       |       |       |     2 |       ||     2
 Abil: Hop               |     3 |     2 |     5 |     9 |     6 |    21 |     7 ||    53
Evoke: Wand              |       |       |     7 |    12 |     5 |     7 |    20 ||    51
       Box of beasts     |       |       |       |       |       |     1 |       ||     1
  Use: Scroll            |       |       |       |    12 |    17 |    22 |     1 ||    52
       Potion            |       |       |       |     2 |     1 |     6 |     3 ||    12
 Stab: Distracted        |     1 |     1 |       |    10 |     8 |    19 |     1 ||    40
       Sleeping          |     1 |       |     3 |     3 |    17 |    13 |       ||    37
       Held in net/web   |       |       |       |     1 |       |       |       ||     1
       Confused          |       |       |       |       |    11 |    15 |       ||    26
  Eat: Chunk             |     7 |     4 |    17 |    37 |    55 |    89 |       ||   209
       Bread ration      |       |     1 |     1 |       |       |       |     2 ||     4
       Fruit             |       |       |       |     9 |       |       |    14 ||    23
       Royal jelly       |       |       |       |     1 |       |       |       ||     1
Armor: Robe              |    29 |    30 |     6 |       |   239 |   250 |    79 ||   633
       Leather armour    |       |       |    36 |   241 |    13 |       |       ||   290
Dodge: Dodged            |    97 |   145 |   112 |   510 |   755 |   829 |   159 ||  2607
Block: Buckler           |       |       |       |       |   208 |   342 |    68 ||   618
       Rpst.: Long sword |       |       |       |   151 |   213 |   100 |       ||   464

Table legend:
 A = Spawn XP
 B = Non-spawn XP
 C = Spawn XP percentage of total XP
 D = Spawn monster count
 E = Non-spawn monster count
 F = Spawn count percentage of total count
 G = Total turns spent on level
                    A         B        C        D         E        F      G
               +---------+---------+-------+---------+---------+-------+---------
         Total |       0 |  365534 |   0.0 |       0 |    1752 |   0.0 | 62295
               +---------+---------+-------+---------+---------+-------+---------
           D:1 |       0 |      30 |   0.0 |       0 |      24 |   0.0 |  1675
           D:2 |       0 |      52 |   0.0 |       0 |      25 |   0.0 |  1131
           D:3 |       0 |     449 |   0.0 |       0 |      82 |   0.0 |  1879
           D:4 |       0 |     964 |   0.0 |       0 |      26 |   0.0 |  1170
           D:5 |       0 |     519 |   0.0 |       0 |      22 |   0.0 |  1267
           D:6 |       0 |     650 |   0.0 |       0 |      16 |   0.0 |   677
           D:7 |       0 |    1673 |   0.0 |       0 |      54 |   0.0 |  1346
           D:8 |       0 |    1053 |   0.0 |       0 |      21 |   0.0 |  1195
           D:9 |       0 |    2411 |   0.0 |       0 |      28 |   0.0 |   995
          D:10 |       0 |    4557 |   0.0 |       0 |      95 |   0.0 |  1869
          D:11 |       0 |    4141 |   0.0 |       0 |      38 |   0.0 |  2704
          D:12 |       0 |    5717 |   0.0 |       0 |      39 |   0.0 |  1771
          D:13 |       0 |    4507 |   0.0 |       0 |      36 |   0.0 |  1700
          D:14 |       0 |   19040 |   0.0 |       0 |      86 |   0.0 |  2545
          D:15 |       0 |   10522 |   0.0 |       0 |      42 |   0.0 |  1614
        Lair:1 |       0 |    2267 |   0.0 |       0 |      15 |   0.0 |  1092
        Lair:2 |       0 |    3446 |   0.0 |       0 |      32 |   0.0 |  2083
        Lair:3 |       0 |    6805 |   0.0 |       0 |      29 |   0.0 |  1317
        Lair:4 |       0 |    6721 |   0.0 |       0 |      36 |   0.0 |  1468
        Lair:5 |       0 |    8620 |   0.0 |       0 |      57 |   0.0 |  2218
        Lair:6 |       0 |    6521 |   0.0 |       0 |      43 |   0.0 |  1096
       Swamp:1 |       0 |    3665 |   0.0 |       0 |      13 |   0.0 |   908
       Swamp:2 |       0 |    8739 |   0.0 |       0 |      38 |   0.0 |  1127
       Swamp:3 |       0 |    9763 |   0.0 |       0 |      29 |   0.0 |  1260
       Swamp:4 |       0 |   10796 |   0.0 |       0 |      39 |   0.0 |  1166
       Snake:1 |       0 |    8556 |   0.0 |       0 |      33 |   0.0 |   739
       Snake:2 |       0 |    7387 |   0.0 |       0 |      29 |   0.0 |  1022
       Snake:3 |       0 |    9722 |   0.0 |       0 |      36 |   0.0 |  1416
       Snake:4 |       0 |   34700 |   0.0 |       0 |     104 |   0.0 |  2399
       Slime:1 |       0 |   24682 |   0.0 |       0 |      61 |   0.0 |  2918
       Slime:2 |       0 |   15352 |   0.0 |       0 |      23 |   0.0 |   923
       Slime:3 |       0 |    6992 |   0.0 |       0 |      28 |   0.0 |   885
       Slime:4 |       0 |   13181 |   0.0 |       0 |      31 |   0.0 |  1257
       Slime:5 |       0 |    3950 |   0.0 |       0 |      12 |   0.0 |   190
         Orc:1 |       0 |    2326 |   0.0 |       0 |      34 |   0.0 |   964
         Orc:2 |       0 |   11140 |   0.0 |       0 |      95 |   0.0 |  1605
         Elf:1 |       0 |   19268 |   0.0 |       0 |      55 |   0.0 |  1840
         Elf:2 |       0 |   20553 |   0.0 |       0 |      47 |   0.0 |  3030
         Elf:3 |       0 |   30662 |   0.0 |       0 |      61 |   0.0 |  2202
           Lab |       0 |     645 |   0.0 |       0 |       1 |   0.0 |   299
        Bailey |       0 |     708 |   0.0 |       0 |      38 |   0.0 |   425
    Desolation |       0 |   32082 |   0.0 |       0 |      99 |   0.0 |  2847
               +---------+---------+-------+---------+---------+-------+---------
